 Dungeon Crawl Stone Soup version 0.29.1-12-g30fa7ad0bf (webtiles) character file.

Game seed: 16187649938891849082

67 Chupakabrum the Grave Robber (level 4, -3/32 HPs)
             Began as a Gnoll Wanderer on Jan 16, 2023.
             Was an Initiate of Elyvilon.
             Killed from afar by Sigmund (10 damage)
             ... with a puff of flame
             ... on level 2 of the Dungeon.
             The game lasted 00:38:14 (2955 turns).

Chupakabrum the Grave Robber (Gnoll Wanderer)       Turns: 2955, Time: 00:38:15

Health: -3/32      AC:  6    Str:  8      XL:     4   Next: 16%
Magic:  8/8        EV: 27    Int: 15 (16) God:    Elyvilon [......]
Gold:   138        SH:  6    Dex: 10 (13) Spells: 8/9 levels left

rFire   . . .      SeeInvis .   k - +3 dagger
rCold   + . .      Faith    .   e - +2 buckler
rNeg    + . .      Spirit   .   y - +2 robe of Absolutism {rN+ Will+ Str-2 Int+3}
rPois   .          Reflect  .   (no helmet)
rElec   .          Harm     .   b - +1 cloak
rCorr   .          Rampage  .   (no gloves)
Will    +....                   (no boots)
Stlth   ++........              j - amulet of the acrobat
HPRegen 0.10/turn               r - ring of protection from cold
MPRegen 0.11/turn               (no ring)

@: acrobatic
A: fangs 1, strong nose, distributed training
a: Renounce Religion


You were on level 2 of the Dungeon.
You worshipped Elyvilon.
Elyvilon was noncommittal.
You visited 1 branch of the dungeon, and saw 3 of its levels.

You collected 138 gold pieces.

Inventory:

Hand Weapons
 k - a +3 dagger (weapon)
 q - a +3 sling
 s - a +0 falchion
 v - a +0 rapier
Missiles
 f - 6 atropa-tipped darts
 p - 23 stones
 u - 4 boomerangs (quivered)
Armour
 b - a +1 cloak (worn)
 d - a +0 robe
 e - a +2 buckler (worn)
 h - an orb of guile
 i - a +0 leather armour
 m - a +0 scale mail
 n - a +0 robe
 t - a +0 ring mail
 x - a +0 chain mail
 y - the +2 robe of Absolutism (worn) {rN+ Will+ Str-2 Int+3}
   (You found it on level 3 of the Dungeon)

   Str:       It affects your strength (-2).
   Int:       It affects your intelligence (+3).
   rN:        It protects you from negative energy.
   Will:      It increases your willpower.
 A - a +0 pair of boots
Jewellery
 j - an amulet of the acrobat (around neck)
 r - a ring of protection from cold (left hand)
Scrolls
 a - a scroll of teleportation
 c - 3 scrolls of blinking
 w - 2 scrolls of identify
Potions
 o - 2 potions of brilliance {unknown}
 z - a potion of flight


   Skills:
 + Level 1.1 Fighting
 + Level 1.1 Short Blades
 + Level 1.1 Long Blades
 + Level 1.1 Axes
 + Level 1.1 Maces & Flails
 + Level 1.1 Polearms
 + Level 1.1 Staves
 + Level 1.1 Ranged Weapons
 + Level 1.1 Throwing
 + Level 1.1 Armour
 + Level 4.6 Dodging
 + Level 4.2 Stealth
 + Level 4.6 Shields
 + Level 1.1 Unarmed Combat
 + Level 3.0 Spellcasting
 + Level 0.8 Conjurations
 + Level 0.8 Hexes
 + Level 0.8 Summonings
 + Level 5.4 Necromancy
 + Level 0.8 Translocations
 + Level 0.8 Transmutations
 + Level 0.8 Fire Magic
 + Level 0.8 Ice Magic
 + Level 0.8 Air Magic
 + Level 0.8 Earth Magic
 + Level 0.8 Poison Magic
 + Level 1.2 Invocations
 + Level 1.1 Evocations


You had 8 spell levels left.
You knew the following spells:

 Your Spells              Type           Power      Damage    Failure   Level
a - Necrotise             Necr           72%        1d7       2%          1

Your spell library contained the following spells:

 Spells                   Type           Power      Damage    Failure   Level
 Vampiric Draining        Necr           18%        2d7       9%          3
 Conjure Ball Lightning   Conj/Air       2%         3x3d6     100%        6
 Discord                  Hex            2%         N/A       100%        8
 Disjunction              Tloc           2%         N/A       100%        8


Dungeon Overview and Level Annotations

Branches:
Dungeon (3/15)

Altars:
Elyvilon
Okawaru

Annotations:
D:2 Sigmund


Innate Abilities, Weirdness & Mutations

You have very sharp teeth.
Your uncanny sense of smell can sniff out nearby items.
Your experience applies equally to all skills.


Message History

Sigmund gestures wildly while chanting.
Sigmund flickers and vanishes!
Deactivating autopickup; reactivate with Ctrl-A.
The orc attacks as you move away! The orc barely misses you.
The orc attacks as you move away! The orc completely misses you.
There is an open door here.
You hit the orc.
The orc is moderately wounded.
The orc barely misses you.
You hit the orc.
The orc is almost dead.
The orc closely misses you. Something hits you.
You hit the orc but do no damage. Your bite misses the orc.
The orc is almost dead.
The orc closely misses you.
You closely miss the orc.
The orc is almost dead.
Something hits you. The orc barely misses you.
You barely miss the orc. You bite the orc, but do no damage.
The orc is almost dead.
You block the orc's attack.
You hit the orc but do no damage.
The orc is almost dead.
Something hits you! You block the orc's attack.
You feel better. Something hits you but does no damage.
The orc hits you with a +0 hand axe. The orc attacks as you move away!
You block the orc's attack. The orc attacks as you move away!
The orc completely misses you.
You hit the orc.
You kill the orc!
That felt strangely unrewarding.
Something hits you!
* * * LOW HITPOINT WARNING * * *
You hear a zap.
A puff of flame appears from out of thin air!
The puff of flame hits you.
* * * LOW HITPOINT WARNING * * *
You hear a zap.
A puff of flame appears from out of thin air!
The puff of flame hits you!
You die...

#######.......# ######
#.............########....#####
#...............{....'....'....
#............{########....###.>
#...###.......# #....# #..
#...# #.......# #....# #..
#...# #.......# ###### #..
#...##........####### #.)
#...#..####...@.....# #########
#.....### #.........# #........
###.....###.........###........
##>.......'...........'........
#.....#.###.........###........
###.###.#.# #.........#
#........ #.#.###.#.#
#.........# ########'
#.....#.#.###.).......# #.
#.#.#.#.........####### ######
#.


There were no monsters in sight!

Vanquished Creatures
  An ogre (D:2)
  3 adders (D:3)
  2 orcs (D:2)
  4 ball pythons
  2 endoplasms (D:3)
  6 giant cockroaches
  5 goblins
  6 kobolds
  3 quokkas
  2 bats
  2 frilled lizards (D:1)
  2 rats
38 creatures vanquished.

Notes
Turn   | Place    | Note
-------+----------+-------------------------------------------
     0 | D:1      | Chupakabrum the Gnoll Wanderer began the quest for the Orb.
     0 | D:1      | Chupakabrum set off with the following items: a +0 dagger,
                  | a +0 cloak, a scroll of blinking, a +0 robe, a +2 buckler;
                  | and the following spell memorised: Necrotise; and the
                  | following spells available to memorise: Vampiric Draining.
     0 | D:1      | Reached XP level 1. HP: 13/13 MP: 4/4
   264 | D:1      | Found a faded altar of an unknown god.
   282 | D:1      | Prayed at the altar of an unknown god.
   282 | D:1      | Became a worshipper of Warmaster Okawaru
   282 | D:1      | Reached * piety under Okawaru
   299 | D:1      | Reached XP level 2. HP: 19/19 MP: 0/5
  1468 | D:2      | Reached XP level 3. HP: 24/25 MP: 4/7
  1627 | D:2      | Noticed Sigmund
  1984 | D:3      | Reached skill level 1 in Invocations
  2056 | D:3      | Found a white marble altar of Elyvilon.
  2064 | D:3      | Fell from the grace of Okawaru
  2064 | D:3      | Became a worshipper of Elyvilon the Healer
  2134 | D:3      | Identified the +2 robe of Absolutism {rN+ Will+ Str-2
                  | Int+3}
  2208 | D:3      | Noticed a necrophage
  2266 | D:3      | Reached skill level 1 in Fighting
  2266 | D:3      | Reached skill level 1 in Short Blades
  2266 | D:3      | Reached skill level 1 in Long Blades
  2266 | D:3      | Reached skill level 1 in Axes
  2266 | D:3      | Reached skill level 1 in Maces & Flails
  2266 | D:3      | Reached skill level 1 in Polearms
  2266 | D:3      | Reached skill level 1 in Staves
  2266 | D:3      | Reached skill level 1 in Ranged Weapons
  2266 | D:3      | Reached skill level 1 in Throwing
  2266 | D:3      | Reached skill level 1 in Armour
  2266 | D:3      | Reached skill level 1 in Unarmed Combat
  2266 | D:3      | Reached skill level 1 in Evocations
  2416 | D:3      | Reached XP level 4. HP: 27/32 MP: 8/8
  2529 | D:3      | Noticed an orc warrior
  2775 | D:2      | Noticed an ogre
  2801 | D:2      | Killed an ogre
  2955 | D:2      | Killed from afar by Sigmund

Illustrated notes

Levels and vault maps discovered:
D:1:      giann_wishing_wells, layout_basic, shapermc_ecumenical_altar_venn,
          minmay_misc_feat_ornament
D:2:      layout_basic, uniq_sigmund
D:3:      layout_rooms, elyvilon_altar_5

Skill      XL: |  1  2  3  4 |
---------------+-------------+-----
Invocations    | 1 |  1.2
Fighting       | 1 |  1.1
Short Blades   | 1 |  1.1
Long Blades    | 1 |  1.1
Axes           | 1 |  1.1
Maces & Flails | 1 |  1.1
Polearms       | 1 |  1.1
Staves         | 1 |  1.1
Ranged Weapons | 1 |  1.1
Throwing       | 1 |  1.1
Armour         | 1 |  1.1
Unarmed Combat | 1 |  1.1
Evocations     | 1 |  1.1
Spellcasting   | 3 |  3.0
Dodging        | |  4.6
Stealth        | |  4.2
Shields        | |  4.6
Conjurations   | |  0.8
Hexes          | |  0.8
Summonings     | |  0.8
Necromancy     | |  5.4
Translocations | |  0.8
Transmutations | |  0.8
Fire Magic     | |  0.8
Ice Magic      | |  0.8
Air Magic      | |  0.8
Earth Magic    | |  0.8
Poison Magic   | |  0.8

Action                   |  1- 3 |  4- 6 || total
-------------------------+-------+-------++-------
Melee: Dagger            |    54 |    16 ||    70
       Bite              |     4 |     3 ||     7
       Rapier            |     4 |       ||     4
Throw: Boomerang         |    10 |     3 ||    13
 Cast: Necrotise         |    51 |       ||    51
Evoke: Wand              |     1 |       ||     1
  Use: Potion            |     7 |     2 ||     9
       Scroll            |     4 |     2 ||     6
Armor: Leather armour    |     5 |       ||     5
       Robe              |    13 |     7 ||    20
Dodge: Dodged            |    70 |    48 ||   118
Block: Buckler           |    32 |    21 ||    53
